 Dungeon Crawl Stone Soup version 0.26.1 (webtiles) character file.

Game seed: 2758280614509323418

1166 Gadfly the Unbeliever (level 8, -4/58 HPs)
             Began as a Demonspawn Monk on Feb 8, 2021.
             Killed by divine providence
             ... invoked by an orc priest
              (9 damage)
             ... on level 7 of the Dungeon.
             The game lasted 00:12:42 (8344 turns).

Gadfly the Unbeliever (Demonspawn Monk)             Turns: 8344, Time: 00:12:42

Health: -4/58      AC: 15    Str: 16    XL:     8   Next: 17%
Magic:  0/21       EV:  6    Int: 12    God:
Gold:   236        SH:  0    Dex: 15    Spells: 7/7 levels left

rFire    . . .     SeeInvis +   a - +0 war axe
rCold    . . .     Faith    .   (no shield)
rNeg     . . .     Spirit   +   d - +0 plate armour
rPois    .         Reflect  .   (helmet unavailable)
rElec    .         Harm     .   s - +2 cloak
rCorr    .         Rampage  .   (no gloves)
Will     +....                  (no boots)
Stlth    ..........             r - amulet of magic regeneration
HPRegen  0.19/turn              m - ring of magical power
MPRegen  0.42/turn              (no ring)

@: no status effects
A: antennae 3, strong-willed 1, powered by pain 1, strong 1, magic shield
a: no special abilities


You were on level 7 of the Dungeon.
You visited 2 branches of the dungeon, and saw 8 of its levels.

You collected 286 gold pieces.
You spent 50 gold pieces at shops.

Inventory:

Hand Weapons
 a - a +0 war axe (weapon)
 b - a +1 whip of venom
Armour
 d - a +0 plate armour (worn)
 s - a +2 cloak (worn)
Jewellery
 m - a ring of magical power (left hand)
 n - an uncursed amulet of faith
 r - an amulet of magic regeneration (around neck)
Wands
 p - a wand of polymorph (7) (quivered)
 q - a wand of random effects (20)
Scrolls
 f - 3 scrolls of remove curse
 g - 3 scrolls of enchant weapon
 i - 9 scrolls of teleportation
 j - 2 scrolls of blinking
 k - a scroll of fear
 o - 2 scrolls of magic mapping
 t - a scroll of enchant armour
Potions
 c - a potion of attraction
 e - a potion of berserk rage
 h - a potion of flight
 l - a potion of haste
 v - 2 potions of curing
 w - a potion of might


   Skills:
 - Level 3.0 Fighting
 + Level 4.3 Axes
 * Level 4.5 Armour
 - Level 2.6 Dodging
 - Level 1.7 Stealth
 * Level 6.5 Invocations
 * Level 5.0 Evocations


You had 7 spell levels left.
You didn't know any spells.
Your spell library contained the following spells:

 Spells                   Type           Power        Failure   Level
 Confusing Touch          Hex            0%           100%        3
 Gell's Gravitas          Tloc           0%           100%        3
 Petrify                  Tmut/Erth      0%           100%        4
 Metabolic Englaciation   Hex/Ice        0%           100%        5
 Yara's Violent Unravell  Hex/Tmut       0%           100%        5


Dungeon Overview and Level Annotations

Branches:
Dungeon (7/15)             Temple (1/1) D:4

Altars:
Ashenzari
Cheibriados
Dithmenos
Elyvilon
Fedhas
Gozag
Hepliaklqana
Kikubaaqudgha
Nemelex Xobeh
Okawaru
Qazlal
Ru
Sif Muna
Trog
Uskayaw
Vehumet
Wu Jian
Xom
Yredelemnul
Zin
The Shining One

Shops:
D:5 (   D:6 *


Innate Abilities, Weirdness & Mutations

You have a pair of large antennae on your head. (SInv)
You sometimes gain a little power by taking damage.
When hurt, damage is shared between your health and your magic reserves.
You are strong-willed. (Will+)
Your muscles are strong. (Str +2)


Message History

Beogh smites you!
* * * LOW HITPOINT WARNING * * *
The orc wizard hits you but does no damage.
You feel better. The orc wizard barely misses you.
The orc wizard hits you but does no damage.
You slash the orc wizard!
You kill the orc wizard!
The orc priest invokes the aid of Beogh against you.
Beogh smites you!
* * * LOW HITPOINT WARNING * * *
Your Evocations skill increases to level 5!
The orc priest mumbles some strange prayers to Beogh against you.
Beogh smites you!
* * * LOW HITPOINT WARNING * * *
Items here: )) [[ †.
You hit the orc priest.
The orc priest is lightly wounded.
The orc priest invokes the aid of Beogh against you.
Beogh smites you!
You die...

#.# #.#
#.# #.#
#.# #.#
#.# #.#
#@#
#o.$.....
#........
#########


You could see an orc priest.

Vanquished Creatures
  An ice beast (D:5)
  2 centaurs (D:6)
  A scorpion (D:5)
  A howler monkey (D:4)
  A centaur zombie (D:6)
  3 orc priests
  A hound (D:6)
  A jelly (D:5)
  8 orc wizards
  A bullfrog skeleton (D:5)
  2 iguanas
  3 worker ants
  A hound skeleton (D:4)
  A worker ant zombie (D:4)
  Robin (D:3)
  9 adders
  A howler monkey skeleton (D:6)
  A shadow imp (D:5)
  2 ufetubi
  An ooze (D:4)
  A worm (D:2)
  5 dart slugs
  3 leopard geckos
  18 orcs
  7 giant cockroaches
  15 goblins
  8 hobgoblins
  11 kobolds
  3 quokkas
  5 bats
  7 frilled lizards
  A leopard gecko zombie (D:6)
  A quokka skeleton (D:4)
  9 rats
136 creatures vanquished.

Vanquished Creatures (others)
  4 plants (D:3)
  4 toadstools (D:1)
8 creatures vanquished.

Grand Total: 144 creatures vanquished

Notes
Turn   | Place    | Note
-------+----------+-------------------------------------------
     0 | D:1      | Gadfly the Demonspawn Monk began the quest for the Orb.
     0 | D:1      | Reached XP level 1. HP: 18/18 MP: 1/1
    87 | D:1      | Reached skill level 1 in Invocations
    97 | D:1      | Gained mutation: When hurt, damage is shared between your
                  | health and your magic reserves. [demonic ancestry]
    97 | D:1      | Reached XP level 2. HP: 6/24 MP: 2/2
   533 | D:1      | Reached skill level 1 in Evocations
   541 | D:1      | Reached skill level 1 in Armour
   752 | D:1      | Found a shimmering altar of Xom.
  1123 | D:1      | Reached XP level 3. HP: 29/29 MP: 4/4
  1462 | D:2      | Reached skill level 2 in Invocations
  1806 | D:2      | Found an iron altar of Okawaru.
  2111 | D:2      | Gained mutation: You have a pair of small antennae on your
                  | head. [demonic ancestry]
  2111 | D:2      | Reached XP level 4. HP: 33/35 MP: 5/5
  2425 | D:3      | Noticed Robin
  2454 | D:3      | Killed Robin
  2774 | D:2      | Reached skill level 3 in Invocations
  2774 | D:2      | Gained mutation: You sometimes gain a little power by
                  | taking damage. [demonic ancestry]
  2774 | D:2      | Reached XP level 5. HP: 10/41 MP: 3/7
  3942 | D:4      | Found a staircase to the Ecumenical Temple.
  3953 | Temple   | Entered the Ecumenical Temple
  4138 | D:4      | Reached XP level 6. HP: 12/47 MP: 7/8
  4147 | D:4      | Reached skill level 4 in Invocations
  4588 | D:4      | Gained mutation: Your spells are a little harder to cast,
                  | but a little more powerful. [potion of mutation]
  4588 | D:4      | Lost mutation: Your spells are a little harder to cast, but
                  | a little more powerful. [potion of mutation]
  4588 | D:4      | Gained mutation: You are strong-willed. (Will+) [potion of
                  | mutation]
  4588 | D:4      | Gained mutation: Your muscles are strong. (Str +2) [potion
                  | of mutation]
  4904 | D:4      | Found a hazy altar of Hepliaklqana.
  4904 | D:4      | Found a broken altar of Ashenzari.
  4906 | D:4      | Found a glowing golden altar of the Shining One.
  4908 | D:4      | Found a basalt altar of Yredelemnul.
  5318 | D:5      | Entered Level 5 of the Dungeon
  5403 | D:5      | Gained mutation: You have a pair of antennae on your head.
                  | [demonic ancestry]
  5403 | D:5      | Reached XP level 7. HP: 16/52 MP: 9/10
  5702 | D:5      | Found Efaphuc's Antique Weapon Emporium.
  5898 | D:5      | Reached skill level 5 in Invocations
  6708 | D:5      | Found an opulent altar of Gozag.
  7201 | D:6      | Reached skill level 6 in Invocations
  7442 | D:6      | Gained mutation: You have a pair of large antennae on your
                  | head. (SInv) [demonic ancestry]
  7442 | D:6      | Reached XP level 8. HP: 57/58 MP: 12/12
  7787 | D:6      | Found Qelaluyv's Assorted Antiques.
  7841 | D:6      | Bought 2 bubbling green potions for 50 gold pieces
  8343 | D:7      | Reached skill level 5 in Evocations
  8344 | D:7      | Killed from afar by an orc priest

Illustrated notes

Levels and vault maps discovered:
D:1:      ldierk_walled_garden_2, layout_basic, st_stairs_12, xom_teletrap_fun
D:2:      layout_loops_ring, okawaru_ov_weapons_minmay,
          kennysheep_generic_room_6
D:3:      cheibrodos_old_hovel, layout_rooms, kennysheep_generic_room_15,
          uniq_robin
D:4:      layout_loops_ring, minitemple, minmay_temple_entry_offerings
D:5:      layout_loops_ring, serial_shops, shop_fountains,
          nicolae_gozag_cash_rules_everything_around_me
D:6:      layout_layer_cave, serial_shops, nicolae_shop_stone
D:7:      layout_basic, marbit_many_paths, serial_shops, kennysheep_mini,
          nicolae_sextant
Temple:   kb_temple_of_zot

Skill      XL: |  1  2  3  4  5  6  7  8 |
---------------+-------------------------+-----
Invocations    | 1 2 3 4 6 |  6.5
Evocations     | 1 2 3 4 5 |  5.0
Armour         | 1 2 3 4 |  4.5
Axes           | 3 4 |  4.3
Fighting       | |  3.0
Dodging        | |  2.6
Stealth        | |  1.7

Action                   |  1- 3 |  4- 6 |  7- 9 || total
-------------------------+-------+-------+-------++-------
Melee: Hand axe          |   151 |   281 |    89 ||   521
       War axe           |       |       |   100 ||   100
  Use: Scroll            |     8 |     2 |     4 ||    14
       Potion            |       |     5 |     2 ||     7
 Stab: Sleeping          |     1 |       |       ||     1
Armor: Robe              |    10 |       |       ||    10
       Scale mail        |    11 |       |       ||    11
       Chain mail        |    33 |    80 |       ||   113
       Plate armour      |       |   171 |   181 ||   352
Dodge: Dodged            |    97 |    92 |    88 ||   277
